 Dungeon Crawl Stone Soup version 0.29.0-4-gdea44cf6ec (webtiles) character file.

Game seed: 7723256039235342091

2173 qw the Cleaver (level 9, -3/57 HPs)
             Began as a Gargoyle Berserker on Sept 5, 2022.
             Was a Priest of Trog.
             Slain by an unseen horror (8 damage)
             ... on level 7 of the Dungeon.
             The game lasted 00:02:19 (7179 turns).

qw the Cleaver (Gargoyle Berserker)                 Turns: 7179, Time: 00:02:19

Health: -3/57      AC: 25    Str: 26    XL:     9   Next: 32%
Magic:  9/9        EV:  8    Int:  7    God:    Trog [***...]
Gold:   355        SH:  5    Dex:  9    Spells: 8/8 levels left

rFire   . . .      SeeInvis .   Y - +0 war axe
rCold   + . .      Faith    .   (no shield)
rNeg    + . .      Spirit   .   q - +0 chain mail
rPois   inf        Reflect  +   b - +1 helmet
rElec   +          Harm     .   (no cloak)
rCorr   .          Rampage  .   e - +2 pair of gloves
Will    .....                   (no boots)
Stlth   ..........              n - amulet of reflection
HPRegen 0.19/turn               o - +4 ring of protection
MPRegen 0.11/turn               g - ring of protection from cold

@: on berserk cooldown, slowed, very slow
A: sickness immunity, AC +6, negative energy resistance 1, electricity
resistance, torment resistance 1, petrification resistance
a: Renounce Religion, Berserk, Trog's Hand


You were on level 7 of the Dungeon.
You worshipped Trog.
Trog was most pleased with you.
You visited 1 branch of the dungeon, and saw 7 of its levels.

You collected 395 gold pieces.
You spent 40 gold pieces at shops.


Innate Abilities, Weirdness & Mutations

You are immune to sickness and miasma.
Your stone body is resilient. (AC +6)
You are immune to poison.
You resist negative energy. (rN+)
You are resistant to electric shocks. (rElec)
You are resistant to unholy torment.
You are immune to petrification.


   Skills:
 - Level 7.0 Fighting
 + Level 9.3 Axes
 - Level 1.0 Throwing
 - Level 5.2 Armour
 - Level 1.5 Dodging


You had 8 spell levels left.
You didn't know any spells.
Your spell library was empty.

Inventory:

Hand Weapons
 a - a +0 morningstar
 Y - a +0 war axe (weapon)
Armour
 b - a +1 helmet (worn)
 e - a +2 pair of gloves (worn)
 q - a +0 chain mail (worn)
Jewellery
 g - a ring of protection from cold (right hand)
 h - a ring of fire
 n - an amulet of reflection (around neck)
 o - a +4 ring of protection (left hand)
Scrolls
 d - a scroll of identify
 j - a scroll of teleportation
Potions
 f - a potion of curing
 k - a potion of cancellation
 m - 2 potions of heal wounds
 r - a potion of brilliance {unknown}

Dungeon Overview and Level Annotations

Branches:
Dungeon (7/15)             Temple (0/1) D:6

Altars:
Ashenzari
Hepliaklqana
Kikubaaqudgha
Nemelex Xobeh

Shops:
D:2 (   D:3 :   D:4 =


Message History

The wight hits you but does no damage.
You hit the wight.
The wight is almost destroyed.
You miss something. You block something's attack.
Something hits you but does no damage.
The wight hits you from afar with a +5 halberd.
The wight hits you with a +5 great sword.
You barely miss the wight.
The wight is almost destroyed.
You barely miss something. Something hits you but does no damage.
You hit the wight.
You destroy the wight!
Trog accepts your kill. Something hits you but does no damage.
The wight hits you from afar with a +5 halberd.
Found an inky potion.
Something hits you but does no damage. You block the wight's attack.
Things that are here:
a +5 great sword; a +0 robe You barely miss the wight.
Something hits you but does no damage.
You slash the wight!
You destroy the wight!
Trog accepts your kill.
You miss something.
Something hits you but does no damage. x2
Your Armour skill increases to level 5!
You barely miss something.
Something hits you but does no damage. x2
You hit something. Something hits you but does no damage.
You hit something.
You feel a strong urge to attack something.
Something hits you but does no damage.
You closely miss something.
You are no longer berserk.
You are exhausted.
You feel yourself slow down. Something hits you!
You die...

#..........#
#..........#
#..}.......#
#...[......#
#.........##
#........>.#
#...<.......
#..........#
#.)@.......#
!.......)......#
######..........
##......###
####.### .# .#


There were no monsters in sight!

Vanquished Creatures
  Sigmund (D:6)
  Eustachio (D:5)
  Edmund (D:5)
  Duvessa (D:4)
  A black bear (D:5)
  A sky beast (D:6)
  2 ogres
  A phantom (D:6)
  Blork the orc (D:5)
  A kobold brigand (D:6)
  3 scorpions
  3 wights (D:7)
  Dowan (D:4)
  A howler monkey (D:5)
  3 orc priests
  2 hounds (D:4)
  A jelly (D:6)
  2 gnoll boudas (D:6)
  3 iguanas
  3 orc wizards
  13 gnolls
  4 adders
  3 dart slugs
  15 orcs
  7 ball pythons
  10 endoplasms
  6 giant cockroaches
  5 hobgoblins
  3 jackals (D:3)
  3 quokkas
  8 bats
  3 frilled lizards
  5 goblins
  12 kobolds
  3 rats
133 creatures vanquished.

Vanquished Creatures (others)
  8 plants (D:2)
8 creatures vanquished.

Grand Total: 141 creatures vanquished

Notes
Turn   | Place    | Note
-------+----------+-------------------------------------------
     0 | D:1      | qw the Gargoyle Berserker began the quest for the Orb.
     0 | D:1      | Reached XP level 1. HP: 14/14 MP: 1/1
     0 | D:1      | 0 ||| qw: Version: 0.1-a-104-g96f76f8
     0 | D:1      | 0 ||| qw: Game counter: 5821
     0 | D:1      | 0 ||| qw: Always use a shield: true
     0 | D:1      | 0 ||| qw: Do Orc after D:15 true
     0 | D:1      | 0 ||| qw: Do second Lair branch before Depths: true
     0 | D:1      | 0 ||| qw: Lair rune preference: random
     0 | D:1      | 0 ||| qw: Plans: Normal
     0 | D:1      | 0 ||| PLANNING D:1-11
   185 | D:1      | 185 ||| Stepping ~*~*~tactically~*~*~ (hiding).
   193 | D:1      | Reached skill level 3 in Axes
   287 | D:1      | Reached XP level 2. HP: 18/19 MP: 2/2
   407 | D:1      | 407 ||| INVOKING Berserk.
   710 | D:1      | Found a faded altar of an unknown god.
   896 | D:1      | 896 ||| Stepping ~*~*~tactically~*~*~ (stealth).
   897 | D:1      | 897 ||| Stepping ~*~*~tactically~*~*~ (stealth).
   903 | D:1      | 903 ||| Stepping ~*~*~tactically~*~*~ (stealth).
   954 | D:1      | 954 ||| Stepping ~*~*~tactically~*~*~ (stealth).
   961 | D:1      | Reached XP level 3. HP: 23/23 MP: 3/3
  1166 | D:1      | 1166 ||| UPGRADING to +2 pair of gloves.
  1171 | D:1      | 1171 ||| UPGRADING to +0 scale mail.
  1181 | D:1      | 1181 ||| DROPPING +0 animal skin.
  1182 | D:1      | 1182 ||| DROPPING +6 ring of intelligence.
  1183 | D:1      | 1183 ||| UPGRADING to +4 ring of protection.
  1184 | D:1      | 1184 ||| READING scroll labelled MIUBUE CAWK.
  1235 | D:1      | 1235 ||| READING 3 scrolls labelled ZEKOESK TIOSI.
  1236 | D:1      | 1236 ||| READING scroll labelled YBBOIC LAIM BIAN.
  1237 | D:1      | 1237 ||| READING scroll labelled KAEVAQ UHOIRA.
  1238 | D:1      | 1238 ||| READING 2 scrolls of identify.
  1238 | D:1      | 1238 ||| IDENTIFYING fuming dark potion
  1333 | D:2      | Found Itus's Weapon Shoppe.
  1341 | D:2      | 1341 ||| BUYING +0 morningstar (40 gold).
  1341 | D:2      | Bought a +0 morningstar for 40 gold pieces
  1341 | D:2      | 1341 ||| SHOPLISTING +10 hand axe "Spiderslayer" {venom,
                  | Str+4} (690 gold, have 1).
  1341 | D:2      | 1341 ||| DROPPING +0 mace.
  1582 | D:2      | Reached ** piety under Trog
  1606 | D:2      | Reached skill level 4 in Axes
  1630 | D:2      | 1630 ||| Stepping ~*~*~tactically~*~*~ (stealth).
  2267 | D:2      | 2267 ||| READING scroll labelled JEMETHE MYKIHUANGI.
  2268 | D:2      | 2268 ||| READING scroll labelled YXKU TYNLO.
  2269 | D:2      | 2269 ||| DRINKING 2 smoky red potions.
  2296 | D:3      | 2296 ||| STAIRDANCE
  2309 | D:2      | Reached XP level 4. HP: 26/28 MP: 4/4
  2332 | D:3      | 2332 ||| STAIRDANCE
  2521 | D:3      | Identified the +6 dagger "Tueroevo" {freeze, Fragile rElec
                  | Str-4 Int+5}
  2624 | D:3      | Found Ticvuud's Vocational Training.
  2626 | D:3      | 2626 ||| INVOKING Berserk.
  3291 | D:3      | Found a hazy altar of Hepliaklqana.
  3303 | D:3      | 3303 ||| UPGRADING to +1 helmet.
  3308 | D:3      | 3308 ||| READING 2 scrolls labelled EXZAPT IJAZAIR.
  3311 | D:3      | 3311 ||| DRINKING 2 glowing emerald potions.
  3344 | D:4      | Found Vomoicwi's Jewellery Emporium.
  3350 | D:4      | 3350 ||| SHOPLISTING amulet "Koiqias" {RegenMP rF+} (440
                  | gold, have 135).
  3350 | D:4      | 3350 ||| SHOPLISTING ring "Ymimum" {rPois rF+ Will- Str+6}
                  | (500 gold, have 135).
  3350 | D:4      | 3350 ||| SHOPLISTING ring of protection from cold (250
                  | gold, have 135).
  3350 | D:4      | 3350 ||| SHOPLISTING ring of protection from fire (250
                  | gold, have 135).
  3350 | D:4      | 3350 ||| SHOPLISTING ring of see invisible (150 gold, have
                  | 135).
  3359 | D:4      | 3359 ||| Stepping ~*~*~tactically~*~*~ (stealth).
  3386 | D:4      | Noticed a scorpion
  3404 | D:4      | Killed a scorpion
  3405 | D:4      | Reached skill level 5 in Axes
  3405 | D:4      | Reached XP level 5. HP: 29/32 MP: 5/5
  3629 | D:4      | 3629 ||| Stepping ~*~*~tactically~*~*~ (hiding).
  3631 | D:4      | 3631 ||| Stepping ~*~*~tactically~*~*~ (hiding).
  3673 | D:4      | Noticed Dowan
  3674 | D:4      | Noticed Duvessa
  3676 | D:4      | 3676 ||| INVOKING Berserk.
  3686 | D:4      | Killed Dowan
  3687 | D:4      | Reached skill level 6 in Axes
  3687 | D:4      | Reached XP level 6. HP: 20/38 MP: 6/6
  3690 | D:4      | Killed Duvessa
  3696 | D:4      | Reached *** piety under Trog
  3892 | D:4      | 3892 ||| INVOKING Berserk.
  3898 | D:4      | Reached XP level 7. HP: 43/43 MP: 7/7
  3941 | D:4      | Reached skill level 7 in Axes
  3985 | D:4      | 3985 ||| Stepping ~*~*~tactically~*~*~ (stealth).
  3986 | D:4      | 3986 ||| Stepping ~*~*~tactically~*~*~ (stealth).
  4007 | D:4      | 4007 ||| Stepping ~*~*~tactically~*~*~ (stealth).
  4008 | D:4      | 4008 ||| Stepping ~*~*~tactically~*~*~ (stealth).
  4131 | D:4      | 4131 ||| Stepping ~*~*~tactically~*~*~ (hiding).
  4139 | D:4      | 4139 ||| Stepping ~*~*~tactically~*~*~ (stealth).
  4325 | D:4      | 4325 ||| Stepping ~*~*~tactically~*~*~ (hiding).
  4327 | D:4      | 4327 ||| Stepping ~*~*~tactically~*~*~ (hiding).
  4333 | D:4      | 4333 ||| INVOKING Berserk.
  4731 | D:4      | 4731 ||| UPGRADING to +0 chain mail.
  4741 | D:4      | 4741 ||| DROPPING +0 scale mail.
  4742 | D:4      | 4742 ||| UPGRADING to amulet of reflection.
  4747 | D:4      | 4747 ||| READING scroll labelled FYB FIGGOQESM.
  4748 | D:4      | 4748 ||| READING 3 scrolls of identify.
  4748 | D:4      | 4748 ||| IDENTIFYING red potion
  4749 | D:4      | 4749 ||| READING 2 scrolls of identify.
  4749 | D:4      | 4749 ||| IDENTIFYING viscous ruby potion
  4750 | D:4      | 4750 ||| DROPPING potion of magic.
  4751 | D:4      | 4751 ||| DROPPING potion of degeneration.
  4763 | D:5      | Entered Level 5 of the Dungeon
  4763 | D:5      | Noticed Blork the orc
  4766 | D:5      | 4766 ||| INVOKING Berserk.
  4771 | D:5      | Killed Blork the orc
  4772 | D:5      | Reached skill level 3 in Armour
  4902 | D:5      | 4902 ||| INVOKING Berserk.
  5075 | D:5      | 5075 ||| Stepping ~*~*~tactically~*~*~ (stealth).
  5081 | D:5      | 5081 ||| Stepping ~*~*~tactically~*~*~ (stealth).
  5084 | D:5      | 5084 ||| INVOKING Berserk.
  5235 | D:5      | Reached skill level 1 in Throwing
  5235 | D:5      | Reached XP level 8. HP: 49/49 MP: 8/8
  5235 | D:5      | Noticed Eustachio
  5239 | D:5      | 5239 ||| INVOKING Berserk.
  5252 | D:5      | Killed Eustachio
  5373 | D:5      | 5373 ||| INVOKING Berserk.
  5379 | D:5      | Reached skill level 8 in Axes
  5590 | D:5      | Noticed Edmund
  5595 | D:5      | 5595 ||| INVOKING Berserk.
  5602 | D:5      | Killed Edmund
  6073 | D:5      | 6073 ||| READING 2 scrolls of identify.
  6073 | D:5      | 6073 ||| IDENTIFYING brown potion
  6074 | D:5      | 6074 ||| DROPPING potion of attraction.
  6088 | D:6      | 6088 ||| STAIRDANCE
  6094 | D:6      | 6094 ||| STAIRDANCE
  6113 | D:6      | 6113 ||| STAIRDANCE
  6181 | D:6      | 6181 ||| Stepping ~*~*~tactically~*~*~ (stealth).
  6182 | D:6      | 6182 ||| Stepping ~*~*~tactically~*~*~ (stealth).
  6183 | D:6      | 6183 ||| Stepping ~*~*~tactically~*~*~ (stealth).
  6185 | D:6      | 6185 ||| INVOKING Berserk.
  6192 | D:6      | Reached skill level 6 in Fighting
  6316 | D:6      | 6316 ||| Stepping ~*~*~tactically~*~*~ (hiding).
  6321 | D:6      | 6321 ||| INVOKING Berserk.
  6406 | D:6      | Noticed Sigmund
  6407 | D:6      | 6407 ||| INVOKING Berserk.
  6425 | D:6      | Reached XP level 9. HP: 39/56 MP: 9/9
  6442 | D:6      | HP: 11/56 [something (6)]
  6449 | D:6      | 6449 ||| READING scroll of teleportation.
  6450 | D:6      | 6450 ||| DRINKING 3 potions of heal wounds.
  6660 | D:6      | 6660 ||| SWAPPING to +0 war axe.
  6661 | D:6      | 6661 ||| DROPPING +1 hand axe.
  6713 | D:6      | 6713 ||| Stepping ~*~*~tactically~*~*~ (stealth).
  6714 | D:6      | 6714 ||| Stepping ~*~*~tactically~*~*~ (stealth).
  6715 | D:6      | 6715 ||| Stepping ~*~*~tactically~*~*~ (stealth).
  6717 | D:6      | 6717 ||| Stepping ~*~*~tactically~*~*~ (hiding).
  6719 | D:6      | 6719 ||| INVOKING Berserk.
  6723 | D:6      | Killed Sigmund
  6724 | D:6      | Reached skill level 9 in Axes
  6924 | D:6      | 6924 ||| Stepping ~*~*~tactically~*~*~ (hiding).
  6926 | D:6      | 6926 ||| INVOKING Berserk.
  7048 | D:6      | Found a staircase to the Ecumenical Temple.
  7096 | D:6      | Found a broken altar of Ashenzari.
  7102 | D:6      | Found a sparkling altar of Nemelex Xobeh.
  7105 | D:6      | Found an ancient bone altar of Kikubaaqudgha.
  7149 | D:6      | 7149 ||| UPGRADING to ring of protection from cold.
  7150 | D:6      | 7150 ||| READING scroll labelled QUURE GESTRONG.
  7151 | D:6      | 7151 ||| READING 2 scrolls of identify.
  7151 | D:6      | 7151 ||| IDENTIFYING viscous brown potion
  7152 | D:6      | 7152 ||| DROPPING potion of flight.
  7167 | D:7      | 7167 ||| INVOKING Berserk.
  7167 | D:7      | HP: 21/85 [wight/+5 halberd (8)]
  7172 | D:7      | HP: 6/85 [wight/+5 halberd (6)]
  7179 | D:7      | Slain by an unseen horror

Levels and vault maps discovered:
D:1:      psy_arrival_radial01, layout_loops_ring, basic_ecumenical_altar
D:2:      layout_basic, serial_forest, infiniplex_forest_lined_2,
          infiniplex_forest_lined_room_3, infiniplex_forest_end_1,
          infiniplex_forest_clump_double, infiniplex_forest_straight_2,
          infiniplex_forest_lined_2, infiniplex_forest_clump_double,
          infiniplex_forest_clump_medium, infiniplex_forest_zigzag_2,
          serial_shops, shop, kennysheep_nondescript, roderic_serpentine_path,
          lemuel_old_faithful
D:3:      layout_loops_ring, mainiacjoe_overflow_alcove_1, dk_vineyard_1,
          nicolae_shop_vocational
D:4:      layout_loops_ring, serial_shops, shop, uniq_duvessa
D:5:      layout_loops_ring, minmay_misc_feat_five, uniq_edmund,
          uniq_blork_the_orc, uniq_eustachio
D:6:      layout_rooms, minmay_overflow_temple_star_quad,
          minmay_temple_entry_fiery, uniq_sigmund
D:7:      layout_rooms, amethyst_killhole, grunt_ministairs_7, minivault_19,
          solitary_fountain, kennysheep_generic_room_9

Skill      XL: |  1  2  3  4  5  6  7  8  9 |
---------------+----------------------------+-----
Axes           | 3 4 5 6 7 8 9 |  9.3
Fighting       | 4 5 6 7 |  7.0
Armour         | 3 4 5 |  5.2
Throwing       | 1 |  1.0
Dodging        | |  1.5

Action                   |  1- 3 |  4- 6 |  7- 9 || total
-------------------------+-------+-------+-------++-------
Melee: Hand axe          |   101 |   110 |   202 ||   413
       War axe           |       |       |    39 ||    39
Throw: Boomerang         |    31 |       |     3 ||    34
Invok: Berserk           |     1 |     3 |    13 ||    17
  Use: Scroll            |     7 |     1 |     7 ||    15
       Potion            |     1 |     1 |     1 ||     3
Armor: Animal skin       |    22 |       |       ||    22
       Scale mail        |    23 |    54 |    18 ||    95
       Chain mail        |       |       |   108 ||   108
Dodge: Dodged            |    58 |    53 |    88 ||   199
Block: Other             |       |       |    31 ||    31

Table legend:
 A = Non-vault XP
 B = Vault XP
 C = Vault XP percentage of total XP
 D = Non-vault monster count
 E = Vault monster count
 F = Vault count percentage of total count
                 A         B        C        D         E       F
            +---------+---------+-------+---------+---------+-------
      Total |    2174 |     931 |  30.0 |     127 |       6 |   4.5
            +---------+---------+-------+---------+---------+-------
        D:1 |      38 |       0 |   0.0 |      24 |       0 |   0.0
        D:2 |      46 |       0 |   0.0 |      19 |       0 |   0.0
        D:3 |      72 |       0 |   0.0 |      18 |       0 |   0.0
        D:4 |     472 |     210 |  30.8 |      27 |       2 |   6.9
        D:5 |     474 |     490 |  50.8 |      15 |       3 |  16.7
        D:6 |     848 |     231 |  21.4 |      21 |       1 |   4.5
        D:7 |     224 |       0 |   0.0 |       3 |       0 |   0.0
            +---------+---------+-------+---------+---------+-------
